 Dungeon Crawl Stone Soup version 0.31.0-32-g396128a36d (webtiles) character file.

Game seed: 8148467446256301995

259 NotreDorf the Trooper (level 5, -3/42 HPs)
             Began as a Mummy Fighter on Mar 30, 2024.
             Killed from afar by Ijyb (9 damage)
             ... with a puff of flame
             ... on level 3 of the Dungeon.
             The game lasted 00:06:10 (2133 turns).

NotreDorf the Trooper (Mummy Fighter)               Turns: 2133, Time: 00:06:10

Health: -3/42      AC: 12    Str: 21    XL:     5   Next: 94%
Magic:  5/5        EV:  9    Int:  8    God:
Gold:   157        SH:  4    Dex: 11    Spells: 4/4 levels left

rFire   x . .        a - +0 war axe
rCold   + . .        c - +0 buckler
rNeg    + + +        b - +0 scale mail
rPois   ∞            (no helmet)
rElec   .            n - +0 cloak
rCorr   .            g - +2 pair of gloves
SInv    .            m - +0 pair of boots
Will    +....        (no amulet) Stlth
                     o - ring of willpower
HPRegen 0.27/turn    (no ring)
MPRegen 0.09/turn

%: faith
@: no status effects
A: cold resistance 1, negative energy resistance 3, torment resistance 2, heat
vulnerability 1, in touch with death 1, no potions, faith
a: no special abilities


You were on level 3 of the Dungeon.
You visited 1 branch of the dungeon, and saw 3 of its levels.

You collected 157 gold pieces.

Inventory:

Hand Weapons
 a - a +0 war axe (weapon)
Missiles
 j - 6 poisoned darts (quivered)
Armour
 b - a +0 scale mail (worn)
 c - a +0 buckler (worn)
 g - a +2 pair of gloves (worn)
 m - a +0 pair of boots (worn)
 n - a +0 cloak (worn)
Jewellery
 o - a ring of willpower (left hand)
Scrolls
 d - 2 scrolls of identify {unknown}
 e - 2 scrolls of enchant armour {unknown}
 f - a scroll of teleportation {unknown}
 h - a scroll of revelation {unknown}
 i - a scroll of fear {unknown}
 k - a scroll of fog {unknown}
 l - a scroll of vulnerability {unknown}


   Skills:
 + Level 4.2 Fighting
 + Level 2.8 Axes
 + Level 3.4 Armour
 + Level 3.4 Shields


You had 4 spell levels left.
You didn't know any spells.
Your spell library contained the following spells:

 Spells                   Type           Power      Damage    Failure   Level
 Olgreb's Toxic Radiance  Alch           0%         N/A       100%        4
 Ozocubu's Refrigeration  Ice            0%         4d7       100%        7
 Discord                  Hex            0%         N/A       100%        8


Dungeon Overview and Level Annotations

Branches:
Dungeon (3/15)

Altars:
Wu Jian

Annotations:
D:2 1 runed translucent door, Crazy Yiuf
D:3 Ijyb


Innate Abilities, Weirdness & Mutations

You are immune to poison.
Your flesh is cold resistant. (rC+)
You are immune to negative energy. (rN+++)
You are immune to unholy pain and torment.
You are vulnerable to heat. (rF-)
You are in touch with the powers of death.
You do not drink.
You have a special connection with the divine. (Faith)


Message History

Pargi claws you but does no damage.
You hit Pargi but do no damage.
Pargi is heavily wounded.
You hit Ijyb. Ijyb completely misses you. Pargi closely misses you. x2
Pargi barely misses you.
You closely miss Pargi.
Pargi is heavily wounded.
You barely miss Ijyb. Ijyb hits you but does no damage.
Pargi bites you but does no damage. Pargi claws you but does no damage.
Pargi closely misses you. Ijyb barely misses you.
You hit Pargi.
Pargi is heavily wounded.
You hit Ijyb. Pargi bites you. Pargi claws you but does no damage.
Pargi barely misses you. Ijyb barely misses you. You block Pargi's attack.
Pargi barely misses you. Pargi claws you but does no damage.
You hit Pargi.
Pargi is severely wounded.
You slash Ijyb! You block Ijyb's attack. Pargi bites you. Pargi claws you.
Pargi claws you but does no damage. You block Ijyb's attack.
You barely miss Pargi.
Pargi is severely wounded.
You completely miss Ijyb. Pargi bites you! You block Pargi's attack.
Pargi claws you but does no damage.
Ijyb zaps a wand.
The puff of flame hits you. The fire burns you terribly!
* * * LOW HITPOINT WARNING * * *
Pargi bites you.
* * * LOW HITPOINT WARNING * * *
You block Pargi's attack. Pargi claws you.
* * * LOW HITPOINT WARNING * * *
You slash Pargi!
Pargi is severely wounded.
You barely miss Ijyb. Ijyb hits you but does no damage.
Pargi barely misses you. Pargi closely misses you.
Pargi claws you but does no damage.
You slash Pargi!
You kill Pargi!
The troll leather armour {Pargi} is intact enough to wear.
You slash Ijyb!
Ijyb zaps a wand.
The puff of flame hits you! The fire burns you terribly!
You die...

#####...####.########............
###.####.# ######....... #....#>#
######## ####.#.# #.#.## #.#..###
#......## ####....# ##.#@####
#..[g..# ####.#..... #.......#
#......... #......... #.........
##########


You could see Ijyb.

Vanquished Creatures
  Pargi (D:3)
  Jessica (D:2)
  Natasha (thrice) (D:2)
  Terence (D:2)
  An orc wizard (D:3)
  3 gnolls (D:3)
  3 adders
  A ribbon worm (D:2)
  A dart slug (D:2)
  4 orcs (D:3)
  5 ball pythons
  7 endoplasms
  2 giant cockroaches
  2 goblins (D:3)
  4 hobgoblins
  2 quokkas
  3 bats
  A frilled lizard (D:1)
  2 kobolds
  3 rats
50 creatures vanquished.

Notes
Turn   | Place    | Note
-------+----------+-------------------------------------------
     0 | D:1      | NotreDorf the Mummy Fighter began the quest for the Orb.
     0 | D:1      | Reached XP level 1. HP: 18/18 MP: 1/1
   183 | D:1      | Found a faded altar of an unknown god.
   298 | D:1      | Reached XP level 2. HP: 22/24 MP: 2/2
  1062 | D:2      | Reached XP level 3. HP: 29/29 MP: 3/3
  1170 | D:2      | Noticed Natasha
  1175 | D:2      | Killed Natasha
  1186 | D:2      | Found a runed translucent door.
  1187 | D:2      | Noticed Crazy Yiuf
  1207 | D:2      | Found an ornate altar of the Wu Jian Council.
  1210 | D:2      | Noticed Jessica
  1219 | D:2      | Killed Jessica
  1220 | D:2      | Reached XP level 4. HP: 32/36 MP: 4/4
  1375 | D:2      | Noticed Natasha
  1382 | D:2      | Killed Natasha
  1415 | D:2      | Noticed Natasha
  1421 | D:2      | Killed Natasha
  1422 | D:2      | Reached XP level 5. HP: 42/42 MP: 5/5
  1560 | D:3      | Noticed Terence
  1573 | D:2      | Killed Terence
  1714 | D:3      | Reached skill level 4 in Fighting
  2115 | D:3      | Noticed Pargi
  2117 | D:3      | Noticed Ijyb
  2133 | D:3      | Killed Pargi
  2133 | D:3      | Killed from afar by Ijyb

Illustrated notes

Levels and vault maps discovered:
D:1:      dpeg_arrival_tiny_k, layout_basic,
          shapermc_ecumenical_altar_mp_ritualfount, minivault_4,
          minmay_misc_feat_more_columns
D:2:      layout_loops_ring, basic_altar, minmay_tiny_reverse_x,
          uniq_crazy_yiuf_cottage, uniq_natasha, uniq_jessica
D:3:      layout_rooms, serial_corexii_hall, chequers_hall_statues_y,
          chequers_hall_statues_corner_a, portal_sewer_entry_a,
          minmay_diced_spiral, uniq_ijyb, uniq_terence, uniq_pargi

Skill      XL: |  1  2  3  4  5 |
---------------+----------------+-----
Axes           | 2 |  2.8
Armour         | 3 |  3.4
Shields        | 3 |  3.4
Fighting       | 4 |  4.2

Action                     |  1- 3 |  4- 6 || total
---------------------------+-------+-------++-------
  Melee: War axe           |    68 |    81 ||   149
  Throw: Dart              |       |     2 ||     2
 Armour: Scale mail        |    41 |   127 ||   168
  Dodge: Dodged            |    37 |    60 ||    97
  Block: Buckler           |    16 |    28 ||    44
